 Dungeon Crawl Stone Soup version 0.27-a0-1071-ga85bd9520d (console) character file.

Game seed: 17969296933611477614

99477 nht the Champion of Chaos (level 15, -11/115 HPs)
             Began as a Demonspawn Earth Elementalist on Apr 24, 2021.
             Was the Champion of Makhleb.
             Shot with a stone by a faun (14 damage)
             ... on level 1 of the Shoals.
             The game lasted 01:20:06 (28642 turns).

nht the Champion of Chaos (DsEE)                   Turns: 28642, Time: 01:20:06

Health: -11/115    AC: 17    Str:  8    XL:     15   Next: 77%
Magic:  28/28      EV: 15    Int: 22    God:    Makhleb [******]
Gold:   181        SH: 11    Dex:  9    Spells: 19/33 levels left

rFire    + + .     SeeInvis +   p - +3 dagger (elec)
rCold    . . .     Faith    .   M - +2 buckler
rNeg     + . .     Spirit   .   U - +0 troll leather armour
rPois    +         Reflect  +   k - +2 hat
rElec    +         Harm     .   S - scarf {shadows}
rCorr    .         Rampage  .   h - +2 pair of gloves
Will     .....                  B - +0 pair of boots
Stlth    +.........             L - amulet of reflection
HPRegen  1.29/turn              e - ring of Xom's Bemusement {rElec rF+ rN+ AC+4 Str-5}
MPRegen  0.21/turn              c - ring of Lemace {rF+ EV+4 Str+4 Dex-5}

@: weak-willed, on berserk cooldown, slowed, very slow
A: talons 2, ignite blood 2, sharp scales 3, demonic magic 1, antennae 1, see
invisible, poison resistance
a: Renounce Religion, Minor Destruction, Lesser Servant of Makhleb, Major
Destruction, Greater Servant of Makhleb


You were on level 1 of the Shoals.
You worshipped Makhleb.
Makhleb was exalted by your worship.
You visited 5 branches of the dungeon, and saw 25 of its levels.

You collected 2259 gold pieces.
You spent 2078 gold pieces at shops.

Inventory:

Hand Weapons
 p - a +3 dagger of electrocution (weapon)
Missiles
 d - 8 atropa-tipped darts
 t - 22 javelins
 v - a throwing net
 C - 74 boomerangs (quivered)
 G - 6 silver boomerangs
 Q - 35 poisoned darts
 V - 4 stones
 W - 6 silver javelins
Armour
 h - a +2 pair of gloves (worn)
 k - a +2 hat (worn)
 B - a +0 pair of boots (worn)
 I - the +4 scale mail of Ucvol {rCorr Str-5 SInv}
   (You found it on level 6 of the Lair of Beasts)

   It affects your strength (-5).
   It lets you see invisible.
   It protects you from acid and corrosion.
 M - a +2 buckler (worn)
 S - a scarf of shadows (worn)
 U - a +0 troll leather armour (worn)
Jewellery
 c - the ring of Lemace (right hand) {rF+ EV+4 Str+4 Dex-5}
   (You bought it in a shop on level 3 of the Dungeon)

   [ring of evasion]

   It affects your evasion (+4).
   It affects your strength (+4).
   It affects your dexterity (-5).
   It protects you from fire.
 e - the ring of Xom's Bemusement (left hand) {rElec rF+ rN+ AC+4 Str-5}
   (You acquired it on level 1 of the Dungeon)

   [ring of protection]

   It affects your AC (+4).
   It affects your strength (-5).
   It protects you from fire.
   It insulates you from electricity.
   It protects you from negative energy.
 f - a ring of positive energy
 x - a ring of resist corrosion
 F - a ring of protection from cold
 L - an amulet of reflection (around neck)
 P - a ring of protection from fire
Wands
 J - a wand of paralysis (7)
 N - a wand of polymorph (14)
 O - a wand of flame (34)
Scrolls
 i - 2 scrolls of blinking
 j - 3 scrolls of vulnerability
 n - 8 scrolls of teleportation
 y - 8 scrolls of identify
 D - 2 scrolls of fog
 E - 2 scrolls of magic mapping
 H - 2 scrolls of enchant armour
 R - 2 scrolls of enchant weapon
 X - 7 scrolls of amnesia
Potions
 a - 4 potions of might
 b - 3 potions of ambrosia
 g - 3 potions of flight
 l - 3 potions of lignification
 m - 9 potions of curing
 o - 5 potions of brilliance
 q - a potion of magic
 r - 3 potions of cancellation
 s - 4 potions of mutation
 u - a potion of berserk rage
 w - a potion of invisibility
 z - 3 potions of heal wounds
 A - 2 potions of attraction
 Y - 4 potions of haste
Miscellaneous
 T - a condenser vane (inert)
 Z - a tin of tremorstones (2/2)


   Skills:
 - Level 10.0 Fighting
 - Level 10.0 Short Blades
 + Level 4.8 Throwing
 - Level 1.7 Dodging
 - Level 1.7 Stealth
 - Level 4.0 Shields
 - Level 9.5 Spellcasting
 - Level 8.0 Necromancy
 - Level 0.8 Transmutations
 - Level 15.0 Earth Magic
 - Level 15.0 Invocations


You had 19 spell levels left.
You knew the following spells:

 Your Spells              Type           Power      Damage    Failure   Level
a - Sandblast             Erth           100%       2d20      1%          1
b - Passwall              Tmut/Erth      37%        N/A       1%          2
c - Pain                  Necr           100%       1d9       1%          1
d - Lee's Rapid Deconstr  Erth           33%        3d18*     1%          5
e - Borgnjor's Vile Clut  Necr/Erth      28%        N/A       2%          5

Your spell library contained the following spells:

 Spells                   Type           Power      Damage    Failure   Level
 Animate Skeleton         Necr           90%        N/A       1%          1
 Stone Arrow              Conj/Erth      86%        3d12      1%          3
 Vampiric Draining        Necr           22%        2d9       1%          3
 Animate Dead             Necr           22%        N/A       3%          4
 Petrify                  Tmut/Erth      45%        N/A       3%          4
 Apportation              Tloc           20%        N/A       10%         1
 Corona                   Hex            11%        N/A       10%         1
 Shock                    Conj/Air       40%        1d5       10%         1
 Summon Small Mammal      Summ           40%        N/A       10%         1
 Agony                    Necr           45%        N/A       10%         5
 Blink                    Tloc           N/A        N/A       14%         2
 Static Discharge         Conj/Air       10%        N/A       14%         2
 Lesser Beckoning         Tloc           5%         N/A       28%         3
 Portal Projectile        Hex/Tloc       20%        N/A       28%         3
 Swiftness                Air            10%        N/A       28%         3
 Bolt of Magma            Conj/Fire/Erth 16%        4d9       32%         5
 Death Channel            Necr           22%        N/A       47%         6
 Airstrike                Air            5%         N/A       67%         4
 Lightning Bolt           Conj/Air       5%         1d17      95%         5
 Simulacrum               Ice/Necr       14%        N/A       95%         6
 Ignition                 Fire           5%         3d4       100%        8
 Shatter                  Erth           33%        3d27*     100%        9
 Tornado                  Air            5%         N/A       100%        9


Dungeon Overview and Level Annotations

Branches:
Dungeon (15/15)            Temple (1/1) D:4            Lair (6/6) D:10
 Shoals (1/4) Lair:3       Spider (0/4) Lair:4        Slime (0/5) Lair:5
    Orc (2/2) D:9             Elf (0/3) Orc:2        Vaults (0/5) D:13
 Depths (0/5) D:15

Altars:
Ashenzari
Cheibriados
Dithmenos
Elyvilon
Fedhas
Gozag
Hepliaklqana
Kikubaaqudgha
Makhleb
Nemelex Xobeh
Okawaru
Qazlal
Ru
Sif Muna
Trog
Uskayaw
Vehumet
Wu Jian
Xom
Yredelemnul
Zin
The Shining One
Jiyva

Shops:
D:2 !   D:3 =   D:6 ?   D:15 [   Orc:2 [::*

Annotations:
Lair:5 1 runed translucent door


Innate Abilities, Weirdness & Mutations

You have razor-sharp toenails.
Your demonic aura often causes spilled blood to erupt in flames You are completely covered in razor-sharp scales. (AC +3, Slay +3)
Spells you cast may paralyse adjacent enemies.
You have a pair of small antennae on your head.
You have supernaturally acute eyesight. (SInv)
Your system is resistant to poisons. (rPois)


Message History

You puncture the merfolk!
The merfolk is moderately wounded.
You hit the merfolk.
The merfolk is moderately wounded.
The merfolk hits you with a +0 spear.
* * * LOW HITPOINT WARNING * * *
You puncture the merfolk!
The merfolk is heavily wounded.
The faun gestures at you while chanting.
Your willpower is stripped away!
You block the merfolk's attack.
The merfolk is engulfed in blazing flames.
The merfolk closely misses you.
You puncture the merfolk! Lightning courses through the merfolk!
You kill the merfolk!
Makhleb accepts your kill.
You feel better.
The merfolk hits you but does no damage.
You puncture the merfolk! Lightning courses through the merfolk!
You kill the merfolk!
Makhleb accepts your kill.
You feel better.
You hear a splash. x2
You are no longer berserk.
You are exhausted.
You feel yourself slow down.
The faun shoots a stone.
You reflect the stone off an invisible shield around you!
The stone hits the faun!
The merfolk hits you with a +0 trident!
* * * LOW HITPOINT WARNING * * *
You see here a +0 trident.
Aiming: Paralyse
Press: ? - help, Shift-Dir - straight line, f - merfolk
Aim: a merfolk, wielding a +0 trident (chance to affect: 28%) Nothing appears to happen.
The faun shoots a stone.
The stone hits you!
* * * LOW HITPOINT WARNING * * *
The merfolk hits you but does no damage.
The merfolk misses you.
The merfolk hits you from afar with a +0 trident!
* * * LOW HITPOINT WARNING * * *
The faun shoots a stone.
The stone hits you!
You die...

≈≈≈≈≈≈≈..██......≈≈≈≈≈≈.).██.≈≈≈≈
≈≈≈≈≈≈≈≈.█......≈≈≈≈.≈≈≈≈...>≈≈≈≈
≈≈≈≈≈≈≈≈†(..≈....≈≈≈≈≈≈≈≈≈≈≈≈≈≈≈≈
≈≈≈≈≈≈≈≈≈≈.≈≈≈...≈≈≈c≈≈≈≈≈≈≈≈≈≈≈≈
≈≈≈≈≈≈≈≈≈≈...≈≈≈..≈.≈≈≈≈≈≈≈≈≈≈≈≈
≈≈≈≈≈≈≈≈≈≈≈.....≈≈.≈≈≈≈≈≈≈≈≈≈≈≈≈
≈≈≈≈≈≈≈≈≈≈≈≈...°m)≈≈≈≈≈≈≈≈≈≈≈≈≈≈
≈≈≈≈≈≈≈≈≈≈.[█○○.≈≈≈≈≈≈≈≈≈
≈≈≈≈≈≈≈≈≈≈..██@.≈≈≈≈≈≈≈≈≈
≈≈≈≈≈≈≈≈≈...m.≈≈≈≈≈≈≈≈≈≈
≈≈≈≈≈≈≈≈≈...≈≈≈≈≈≈≈≈≈≈≈
≈≈≈≈≈≈≈≈≈≈≈≈≈≈≈≈≈≈≈≈≈≈
≈≈≈≈≈≈≈≈≈≈≈≈≈≈≈≈≈≈≈≈≈
≈≈≈≈≈≈≈≈≈≈≈≈≈≈≈≈≈≈
≈≈≈≈≈≈≈≈≈≈≈≈≈≈≈≈≈


███████████████ You could see 2 merfolk and a faun.

Vanquished Creatures
  Jorgrun (D:15)
  Kirke (D:13)
  An orc warlord (Orc:2)
  2 merfolk impalers (Shoals:1)
  A quicksilver dragon zombie (D:15)
  A boulder beetle (Lair:5)
  A fire dragon (Lair:6)
  8 hydras
  Fannar (D:12)
  A catoblepas (Lair:4)
  2 vault guards
  3 centaur warriors
  5 two-headed ogres
  2 death yaks (Lair:6)
  5 orc high priests (Orc:2)
  2 tengu warriors (D:15)
  A titan zombie (D:15)
  Nergalle (D:12)
  A fire crab (shapeshifter) (D:14)
  2 sea snakes (Shoals:1)
  5 skeletal warriors
  2 necromancers
  6 harpies (Shoals:1)
  2 lindwurms
  2 phantasmal warriors
  2 wizards (D:13)
  4 deep elf pyromancers
  4 orc knights
  7 cyclopes
  2 ugly things
  A wolf spider (D:15)
  A manticore (Shoals:1)
  A black mamba (Lair:1)
  17 elephants
  5 cane toads
  2 spriggan zombies (D:15)
  A torpor snail (Lair:4)
  2 gargoyles
  Maggie (D:8)
  6 rime drakes
  A komodo dragon (shapeshifter) (D:14)
  A freezing wraith (D:13)
  An efreet (D:15)
  11 komodo dragons
  5 yaktaurs (D:15)
  A rime drake (shapeshifter) (D:14)
  2 tengu conjurers (D:13)
  A kobold demonologist (D:13)
  A wind drake (Shoals:1)
  7 trolls
  A polar bear (Lair:5)
  6 merfolk (Shoals:1)
  Prince Ribbit (D:9)
  3 snapping turtles (Shoals:1)
  9 dream sheep
  Sigmund (D:6)
  4 water elementals
  3 redbacks (Lair:4)
  2 vampires (D:11)
  A spriggan (Lair:1)
  14 wyverns
  5 wraiths
  5 hogs (D:13)
  A shadow (D:9)
  21 yaks
  19 humans (D:13)
  11 basilisks
  A steam dragon (D:5)
  5 vampire mosquitoes
  3 wargs (D:15)
  2 acid dragons
  13 water moccasins
  4 hell hounds
  3 sky beasts
  35 orc warriors
  2 black bears
  2 necrophages (D:6)
  9 wolves
  13 centaurs
  9 ogres
  A kobold brigand (D:10)
  2 scorpions (D:5)
  5 bullfrogs
  2 gnoll sergeants
  17 killer bees
  A water moccasin skeleton (D:6)
  3 wights (D:8)
  5 electric eels
  5 centaur zombies
  A bullfrog zombie (D:6)
  2 jellies
  5 lava snakes (Lair:6)
  A bullfrog skeleton (D:5)
  2 hounds
  2 gnoll shamans (D:7)
  A centaur skeleton (D:5)
  30 orc priests
  5 iguanas
  10 orc wizards
  8 hell rats (Lair:4)
  3 howler monkey zombies
  13 gnolls
  A howler monkey skeleton (D:5)
  8 adders
  A shadow imp (D:7)
  An ufetubus (D:7)
  3 worms
  2 dart slugs (D:2)
  74 orcs
  6 ball pythons
  A bat zombie (D:13)
  7 endoplasms
  4 giant cockroaches
  11 goblins
  4 hobgoblins
  2 jackals (D:4)
  3 bats
  2 frilled lizards
  12 kobolds
  4 rats
  3 rat zombies (D:13)
627 creatures vanquished.

Vanquished Creatures (collateral kills)
  A merfolk impaler (Shoals:1)
  A boulder beetle (Lair:6)
  A death knight (D:15)
  A death yak (Lair:6)
  5 orc knights (Orc:2)
  4 elephants (Lair:6)
  A black mamba (Lair:6)
  2 molten gargoyles (Lair:6)
  5 komodo dragons (Lair:6)
  3 dream sheep (Lair:6)
  2 wyverns (Lair:6)
  A steam dragon (Lair:6)
  A hell hound (Lair:6)
  5 orc warriors (Orc:2)
  A centaur (D:12)
  3 orc priests (Orc:2)
37 creatures vanquished.

Vanquished Creatures (others)
  A human (D:13)
  7 fungi
  35 plants
  4 withered plants (D:15)
47 creatures vanquished.

Grand Total: 711 creatures vanquished

Notes
Turn   | Place    | Note
-------+----------+-------------------------------------------
     0 | D:1      | nht the Demonspawn Earth Elementalist began the quest for
                  | the Orb.
     0 | D:1      | Reached XP level 1. HP: 13/13 MP: 3/3
   162 | D:1      | Gained mutation: You are partially covered in razor-sharp
                  | scales. (AC +1, Slay +1) [demonic ancestry]
   162 | D:1      | Reached XP level 2. HP: 15/19 MP: 0/5
   874 | D:1      | Found a faded altar of an unknown god.
   893 | D:1      | Became a worshipper of Ru the Awakened
   959 | D:1      | Identified a scroll of acquirement
   959 | D:1      | Acquired the ring of Xom's Bemusement {rElec rF+ rN+ AC+4
                  | Str-5}
  1172 | D:2      | Found a radiant altar of Vehumet.
  1198 | D:2      | Gained mutation: Spells you cast may paralyse adjacent
                  | enemies. [demonic ancestry]
  1198 | D:2      | Reached XP level 3. HP: 24/24 MP: 4/6
  1315 | D:2      | Gained mutation: You have supernaturally acute eyesight.
                  | (SInv) [potion of mutation]
  1315 | D:2      | Gained mutation: Your system is resistant to poisons.
                  | (rPois) [potion of mutation]
  1315 | D:2      | Gained mutation: You have a pair of small antennae on your
                  | head. [potion of mutation]
  1417 | D:2      | Found Bibrus's Distillery.
  1599 | D:2      | Reached skill level 1 in Short Blades
  1957 | D:2      | Gained mutation: You are mostly covered in razor-sharp
                  | scales. (AC +2, Slay +2) [demonic ancestry]
  1957 | D:2      | Reached XP level 4. HP: 30/30 MP: 3/7
  2146 | D:2      | Bought a potion of lignification for 36 gold pieces
  2146 | D:2      | Bought a potion of curing for 36 gold pieces
  2279 | D:3      | Learned a level 2 spell: Passwall
  2775 | D:3      | Found Miumiw's Jewellery Shoppe.
  2926 | D:4      | Noticed an ogre
  3261 | D:5      | Entered Level 5 of the Dungeon
  3302 | D:3      | Reached XP level 5. HP: 35/35 MP: 4/8
  3373 | D:2      | Bought a potion of berserk rage for 60 gold pieces
  3529 | D:4      | Found a staircase to the Ecumenical Temple.
  3552 | Temple   | Entered the Ecumenical Temple
  3912 | D:4      | Killed an ogre
  3913 | D:4      | Gained mutation: You have sharp toenails. [demonic
                  | ancestry]
  3913 | D:4      | Reached XP level 6. HP: 41/41 MP: 6/9
  4439 | D:5      | Reached skill level 5 in Short Blades
  4599 | Temple   | Fell from the grace of Ru
  4599 | Temple   | Became a worshipper of Makhleb the Destroyer
  4697 | D:6      | Found a shimmering blue altar of Sif Muna.
  4730 | D:6      | Reached XP level 7. HP: 43/46 MP: 4/10
  4986 | D:6      | Gained mutation: You have razor-sharp toenails. [demonic
                  | ancestry]
  4986 | D:6      | Reached XP level 8. HP: 49/52 MP: 6/11
  5079 | D:6      | Found Xungean's Magic Scroll Emporium.
  5086 | D:6      | Bought a scroll of teleportation for 39 gold pieces
  5086 | D:6      | Bought a scroll of teleportation for 39 gold pieces
  5086 | D:6      | Bought a scroll of fog for 26 gold pieces
  5086 | D:6      | Bought a scroll of teleportation for 39 gold pieces
  5086 | D:6      | Bought a scroll of identify for 26 gold pieces
  5226 | D:6      | Noticed Sigmund
  5235 | D:6      | Killed Sigmund
  5497 | D:6      | Learned a level 1 spell: Pain
  5536 | D:6      | Reached skill level 1 in Necromancy
  5781 | D:5      | Found a hazy altar of Hepliaklqana.
  5792 | D:5      | Found a blossoming altar of Fedhas.
  6215 | D:5      | Reached * piety under Makhleb
  6877 | D:7      | Reached XP level 9. HP: 42/57 MP: 6/12
  6991 | D:7      | Reached skill level 5 in Necromancy
  7536 | D:7      | Reached skill level 1 in Invocations
  7878 | D:8      | Noticed Maggie
  7892 | D:8      | Killed Maggie
  7893 | D:8      | Reached skill level 10 in Short Blades
  7974 | D:8      | Identified the Volume of Stones and the Traveller
  8093 | D:8      | Reached skill level 1 in Fighting
  8532 | D:8      | Reached skill level 5 in Invocations
  8775 | D:8      | Reached ** piety under Makhleb
  8776 | D:8      | Reached XP level 10. HP: 71/71 MP: 14/14
  9071 | D:9      | Reached skill level 1 in Shields
  9209 | D:9      | Found a stormy altar of Qazlal.
  9346 | D:9      | Noticed Prince Ribbit
  9355 | D:9      | Killed Prince Ribbit
  9416 | D:9      | Identified the +8 hand crossbow "Gebress" {penet, Fly}
  9453 | D:9      | Reached skill level 5 in Fighting
  9559 | D:9      | Found a staircase to the Orcish Mines.
 10380 | D:10     | Entered Level 10 of the Dungeon
 10459 | D:10     | Gained mutation: Your demonic aura sometimes causes spilled
                  | blood to erupt in flames [demonic ancestry]
 10459 | D:10     | Reached XP level 11. HP: 68/83 MP: 7/18
 10956 | D:10     | Found a staircase to the Lair.
 11008 | D:10     | Reached *** piety under Makhleb
 11217 | D:10     | Reached skill level 10 in Invocations
 12075 | D:11     | Noticed an eight-headed hydra
 12083 | D:11     | Killed an eight-headed hydra
 12224 | D:11     | Noticed a two-headed ogre
 12234 | D:11     | Killed a two-headed ogre
 12436 | D:11     | Noticed a two-headed ogre
 12498 | D:11     | Killed a two-headed ogre
 13415 | D:12     | Noticed a five-headed hydra
 13422 | D:12     | Killed a five-headed hydra
 13635 | D:12     | Noticed Fannar
 13687 | D:11     | Noticed a two-headed ogre
 13695 | D:11     | Killed a two-headed ogre
 13696 | D:11     | Reached skill level 10 in Fighting
 13696 | D:11     | Gained mutation: You are completely covered in razor-sharp
                  | scales. (AC +3, Slay +3) [demonic ancestry]
 13696 | D:11     | Reached XP level 12. HP: 91/97 MP: 15/21
 13767 | D:11     | Learned a level 5 spell: Lee's Rapid Deconstruction
 13768 | D:12     | Noticed a two-headed ogre
 13775 | D:11     | Killed a two-headed ogre
 13960 | D:12     | Killed Fannar
 14417 | D:12     | Noticed Nergalle
 14445 | D:12     | Killed Nergalle
 14446 | D:12     | Reached skill level 5 in Earth Magic
 14708 | Lair:1   | Entered Level 1 of the Lair of Beasts
 14746 | Lair:1   | Noticed an eight-headed hydra
 14757 | Lair:1   | Killed an eight-headed hydra
 16656 | Lair:3   | Found a staircase to the Shoals.
 16663 | Lair:3   | Reached **** piety under Makhleb
 16782 | Lair:3   | Noticed a four-headed hydra
 16789 | Lair:3   | Killed a four-headed hydra
 17654 | Lair:4   | Reached skill level 15 in Invocations
 17841 | Lair:4   | Noticed a catoblepas
 17843 | Lair:4   | Killed a catoblepas
 17844 | Lair:4   | Reached XP level 13. HP: 103/103 MP: 24/24
 17887 | Lair:4   | Found a hole to the Spider Nest.
 18238 | Lair:4   | Reached ***** piety under Makhleb
 18837 | Lair:5   | Reached skill level 10 in Earth Magic
 19533 | Lair:5   | Found a viscous altar of Jiyva.
 19534 | Lair:5   | Found a runed translucent door.
 19535 | Lair:5   | Found a staircase to the Slime Pits.
 19846 | Lair:6   | Entered Level 6 of the Lair of Beasts
 19974 | Lair:6   | Identified the +4 scale mail of Ucvol {rCorr Str-5 SInv}
 20071 | Lair:6   | Found an ornate altar of the Wu Jian Council.
 20071 | Lair:6   | Found a hide-covered altar of Uskayaw.
 20457 | Lair:6   | Noticed a fire dragon
 20517 | Lair:6   | Gained mutation: Your demonic aura often causes spilled
                  | blood to erupt in flames [demonic ancestry]
 20517 | Lair:6   | Reached XP level 14. HP: 110/110 MP: 18/25
 20572 | Lair:6   | Found a large runed translucent door.
 20573 | Lair:6   | Found a large runed translucent door.
 21459 | D:3      | Bought the ring of Lemace {rF+ EV+4 Str+4 Dex-5} for 622
                  | gold pieces
 21568 | Orc:1    | Entered Level 1 of the Orcish Mines
 21983 | Orc:2    | Entered Level 2 of the Orcish Mines
 22311 | Orc:2    | Noticed an orc warlord
 22319 | Orc:2    | Found a staircase to the Elven Halls.
 22338 | Orc:2    | Killed an orc warlord
 22501 | Orc:2    | Reached ****** piety under Makhleb
 23405 | Orc:2    | Found Evviz's Book Emporium.
 23405 | Orc:2    | Found Iqon's Armour Emporium.
 23406 | Orc:2    | Found Qiniexub's Book Shoppe.
 23406 | Orc:2    | Found Voarph's Assorted Antiques.
 23441 | Orc:2    | Bought a scarf of shadows for 180 gold pieces
 23724 | D:13     | Noticed Kirke
 23738 | D:13     | Killed Kirke
 23739 | D:13     | Reached skill level 15 in Earth Magic
 24537 | D:13     | Reached skill level 5 in Spellcasting
 24547 | D:13     | Found a gate to the Vaults.
 24741 | D:13     | Reached XP level 15. HP: 115/115 MP: 22/26
 24884 | D:13     | Found an ancient bone altar of Kikubaaqudgha.
 25258 | D:14     | Found a shimmering altar of Xom.
 25905 | D:15     | Entered Level 15 of the Dungeon
 26163 | Orc:2    | Bought a book of Unlife for 975 gold pieces
 26169 | Orc:2    | Learned a level 5 spell: Borgnjor's Vile Clutch
 27155 | D:15     | Found a staircase to the Depths.
 27275 | D:15     | Noticed Jorgrun
 27281 | D:15     | Killed Jorgrun
 27508 | D:15     | Found Addi's Antique Armour Emporium.
 28047 | Shoals:1 | Entered Level 1 of the Shoals
 28200 | Shoals:1 | Reached skill level 1 in Throwing
 28642 | Shoals:1 | HP: 3/115 [merfolk/+0 trident (9)]
 28642 | Shoals:1 | Shot with a stone by a faun

Illustrated notes

Levels and vault maps discovered:
D:1:      dpeg_arrival_rooms_a, layout_basic,
          chequers_ecumenical_altar_simple_redux, roderic_serpentine_path
D:2:      layout_loops_ring, serial_shops, nicolae_shop_behind_doors,
          basic_altar, minmay_tetromino_i2
D:3:      layout_rooms, serial_shops, nicolae_shop_trees
D:4:      layout_loops_corners, minmay_temple_entry_overgrown,
          amcnicky_mini_rare_corridor_liquid
D:5:      layout_loops_ring, jmf_multi_god_temple
D:6:      layout_loops_ring, amcnicky_altar_gilded, serial_shops, shop,
          dk_rats_in_the_wall, uniq_sigmund
D:7:      layout_rooms, item_on_display_a
D:8:      layout_basic, uniq_maggie
D:9:      cheibrodos_helix_gallery, layout_loops_ring,
          nicolae_qazlal_style_of_elements, david_orc_3,
          kennysheep_cluttered_room, uniq_prince_ribbit1
D:10:     layout_basic, minmay_lair_entry_grove, kennysheep_generic_room_12
D:11:     layout_stronghold, hex_tiny, minmay_misc_feat_nine_boxes
D:12:     layout_basic, uniq_nergalle, uniq_fannar
D:13:     layout_cave_pools, grunt_vaults_entry_tiered,
          minmay_misc_feat_columns, hangedman_decor_peaks_small,
          lemuel_zombie_altar_kikubaaqudgha, uniq_kirke
D:14:     layout_loops_corners, xom_teletrap_fun
D:15:     gammafunk_depths_entry_grave, layout_basic, serial_shops,
          nicolae_shop_trees, uniq_jorgrun
Temple:   compressed_dpeg_circular_temple
Lair:1:   layout_cave_pods, grunt_forest_large_clearing_hut, lemuel_fruit_tree
Lair:2:   layout_chaotic_city, hangedman_lair_unloving_vines
Lair:3:   layout_hall_layers, minmay_shoals_entry_centaurs
Lair:4:   layout_cave_pods, spider_nest_entry_webs, special_room
          [special_room_mythical_zoo], chequers_serial_rivers_micro_c
Lair:5:   layout_cave_pods, slime_altar_2
Lair:6:   cheibrodos_lair_end_hotspot, layout_regular_city,
          nzn_masters_of_martial_movement
Shoals:1: layout_shoals
Orc:1:    layout_caves
Orc:2:    st_orc_pillars, layout_diamond_mine

Skill      XL: |  1  2  3  4  5  6  7  8  9 10 11 12 13 14 15 |
---------------+----------------------------------------------+-----
Earth Magic    | 3 4 8 12 15 | 15.0
Short Blades   | 1 3 4 6 7 9 10 | 10.0
Necromancy     | 4 6 8 |  8.0
Invocations    | 6 9 12 15 | 15.0
Fighting       | 4 6 10 | 10.0
Shields        | 4 |  4.0
Spellcasting   | 6 9 |  9.5
Throwing       | 4 |  4.8
Dodging        | |  1.7
Stealth        | |  1.7
Transmutations | |  0.8

Action                   |  1- 3 |  4- 6 |  7- 9 | 10-12 | 13-15 || total
-------------------------+-------+-------+-------+-------+-------++-------
Melee: Dagger            |    15 |    19 |    55 |   119 |   288 ||   496
       Short sword       |    41 |     1 |       |       |       ||    42
Throw: Dart              |       |       |       |     1 |       ||     1
       Boomerang         |       |       |       |       |     9 ||     9
 Cast: Sandblast         |    45 |    56 |   109 |   152 |   418 ||   780
       Pain              |       |       |    73 |   137 |   153 ||   363
       Lee's Rapid Decon |       |       |       |       |    16 ||    16
       Borgnjor's Vile C |       |       |       |       |     5 ||     5
Invok: Minor Destruction |       |       |       |   126 |   202 ||   328
       Lesser Servant of |       |       |       |     1 |     1 ||     2
       Greater Servant o |       |       |       |       |     6 ||     6
Evoke: Wand              |       |       |       |    13 |    45 ||    58
       Condenser vane    |       |       |       |     1 |     4 ||     5
  Use: Scroll            |     5 |     3 |    10 |     4 |     7 ||    29
       Potion            |     3 |       |       |     1 |     4 ||     8
 Stab: Sleeping          |     1 |     1 |     2 |     2 |     2 ||     8
       Paralysed         |       |     8 |    38 |    69 |   123 ||   238
       Confused          |       |       |       |       |     6 ||     6
       Petrified         |       |       |       |       |     1 ||     1
       Distracted        |       |       |       |       |     1 ||     1
       Invisible         |       |       |       |       |     4 ||     4
Armor: Robe              |    22 |     9 |    41 |    79 |       ||   151
       Troll leather arm |       |       |       |    13 |   212 ||   225
Dodge: Dodged            |    44 |    14 |    51 |   122 |   302 ||   533
Block: Buckler           |     6 |     3 |    22 |   156 |   370 ||   557
       Reflection        |       |       |       |    10 |    14 ||    24

Table legend: (Time is in decaauts)
 A = Elapsed time spent in this place.
 B = Non-inter-level travel time spent in this place.
 C = Inter-level travel time spent in this place.
 D = Time resting spent in this place.
 E = Time spent auto-exploring this place.
 F = Levels seen in this place.
 G = Mean time per level.
                   A        B        C        D        E       F      G
               +--------+--------+--------+--------+--------+-----+--------+
         Total |  28562 |  25536 |   3026 |    978 |  20390 |  25 | 1142.5 |
       Dungeon |  19017 |  16998 |   2019 |    833 |  13515 |  15 | 1267.8 |
        Temple |    145 |     99 |     46 |      0 |     92 |   1 |  145.0 |
          Lair |   6815 |   6166 |    649 |     71 |   5332 |   6 | 1135.8 |
        Shoals |    464 |    464 |      0 |      6 |    254 |   1 |  464.0 |
  Orcish Mines |   2120 |   1809 |    311 |     67 |   1196 |   2 | 1060.0 |
               +--------+--------+--------+--------+--------+-----+--------+

Top non-repeatable levels by time:
    D:11: 1842 daAuts
    D:12: 1652 daAuts
     D:4: 1452 daAuts
   Orc:2: 1413 daAuts
     D:9: 1380 daAuts
  Lair:6: 1361 daAuts
     D:6: 1353 daAuts
     D:8: 1304 daAuts
    D:14: 1276 daAuts
    D:10: 1271 daAuts
    D:15: 1245 daAuts
  Lair:3: 1229 daAuts
  Lair:1: 1197 daAuts
    D:13: 1177 daAuts
  Lair:5: 1162 daAuts
